Map: 데이터-C

Players

Ryung

  • Race: Terran Terran
  • Spawn Location: 3:00

RagnaroK (SHIN) - Winner!

  • Race: Zerg Zerg
  • Spawn Location: 9:00

Event: DreamHack SC2 Masters 2022 Atlanta (Offline)

VOD

Have the link to the VOD?

Description

Time

  • Played on: Nov. 18, 2022, 5:15 p.m.
  • Length: 12:58

All games in this series

Show
View Real Time Build Order
Export as new Build Order

Ryung Terran 

Build Orders: Liberator Opening, Reaper Expand 

Get SALT Encoding   

  12  0:00  SCV  
  13  0:12  SCV  
  14  0:16  Supply Depot  
  14  0:24  SCV  
  15  0:38  SCV  
  15  0:39  Barracks  
  16  0:43  Refinery  
  16  0:50  SCV  
  17  1:02  SCV  
  18  1:14  SCV  
  19  1:26  Reaper, Orbital Command  
  20  1:40  Command Center  
  20  1:48  Supply Depot  
  20  1:52  SCV  
  21  1:58  Marine  
  22  2:04  SCV  
  23  2:13  Factory  
  23  2:17  SCV  
  23  2:20  Barracks Reactor  
  24  2:29  SCV  
  25  2:41  SCV  
  25  2:43  Command Center  
  26  2:51  Orbital Command  
  26  2:53  SCV  
  27  3:00  Starport  
  27  3:06  Refinery, SCV  
  28  3:13  Hellion  
  28  3:16  Hellion  
  28  3:19  SCV  
  33  3:21  SCV  
  33  3:24  Barracks Tech Lab  
  34  3:31  SCV  
  34  3:33  SCV  
  36  3:34  Hellion  
  36  3:37  Hellion  
  40  3:43  SCV  
  40  3:44  Marine  
  40  3:45  SCV  
  40  3:47  Liberator  
  46  3:57  Orbital Command  
  46  3:58  SCV x2  
  46  3:59  Hellion  
  50  4:05  Hellion, Marine  
  50  4:08  Stimpack  
  53  4:10  SCV  
  53  4:12  SCV  
  55  4:19  Supply Depot  
  55  4:22  SCV  
  55  4:23  SCV  
  57  4:24  SCV  
  57  4:25  Hellion  
  60  4:33  Engineering Bay  
  60  4:35  Engineering Bay  
  60  4:36  SCV  
  61  4:40  SCV x2  
  61  4:41  Hellion  
  61  4:42  Starport Reactor, Orbital Command  
  61  4:44  Supply Depot  
  65  4:50  SCV  
  65  4:52  SCV  
  67  4:55  Marine  
  68  5:03  Barracks, Terran Infantry Armor Level 1, Terran Infantry Weapons Level 1  
  68  5:05  Barracks, Refinery x2  
  68  5:09  SCV x3  
  68  5:13  Marine  
  72  5:17  Factory Reactor  
  72  5:21  SCV x3  
  75  5:27  Starport Reactor  
  75  5:29  Barracks x2  
  75  5:30  Marine  
  75  5:32  Supply Depot  
  75  5:33  Supply Depot  
  76  5:35  SCV  
  76  5:39  SCV x2  
  79  5:48  Marine  
  80  5:54  SCV x3  
  80  5:55  Marine  
  83  5:58  Combat Shield  
  83  5:59  Hellion x2  
  86  6:04  Medivac x2  
  86  6:06  Marine  
  84  6:13  Marine  
  84  6:14  Marine x2  
  84  6:18  Orbital Command, Marine x2  
  87  6:19  Supply Depot x2  
  87  6:39  Barracks Reactor  
  87  6:40  Marine x3  
  87  6:41  SCV x2  
  87  6:45  Armory, Factory Reactor  
  92  6:51  Supply Depot  
  92  6:52  Supply Depot, Marine x4  
  92  6:53  Medivac  
  98  6:57  SCV x3  
  101  7:13  Medivac  
  103  7:16  Marine x3  
  103  7:19  SCV x2  
  103  7:20  Marine x3  
  103  7:22  SCV  
  112  7:26  Supply Depot x2  
  112  7:28  Supply Depot  
  112  7:31  Terran Infantry Weapons Level 2, SCV x2, Terran Infantry Armor Level 2  
  112  7:34  SCV  
  117  7:37  Widow Mine  
  117  7:43  Widow Mine  
  117  7:44  Marine x2  
  117  7:47  Marine x5  
  117  7:49  Marine x2  
  120  7:52  Orbital Command  
  120  7:55  SCV x2  
  117  7:59  Medivac x2  
  117  8:02  Marine x2  
  117  8:04  Marine  
  117  8:05  Marine x4  
  116  8:07  Marine  
  112  8:13  Widow Mine x2  
  112  8:15  SCV x2  
  118  8:27  SCV x2  
  118  8:28  Supply Depot, SCV  
  118  8:29  Supply Depot, Medivac x2  
  125  8:35  Widow Mine x2  
  125  8:39  SCV  
  130  8:48  Command Center  
  130  8:51  Supply Depot  
  130  8:52  Marine x8  
  133  8:58  Marine  
  119  9:10  Marine x5  
  119  9:12  Marine x2  
  119  9:13  Marine  
  109  9:17  Marauder  
  90  9:26  Orbital Command  
  90  9:28  Marine x5  
  90  9:30  Medivac x2, Marine x3  
  97  9:32  Widow Mine x2  
  97  9:38  Marine  
  93  9:46  Marine x5  
  93  9:48  Marine x3  
  93  9:50  SCV x2  
  100  9:53  SCV  
  100  9:56  Widow Mine x2, Marauder  
  107  10:02  SCV x2  
  107  10:03  Marine x2  
  107  10:04  Marine x3  
  107  10:06  Concussive Shells, Marine  
  115  10:09  Medivac x2  
  119  10:20  Marine x2  
  121  10:23  Barracks  
  121  10:24  Barracks  
  117  10:28  Barracks, Marine x4  
  117  10:31  Marine x2  
  117  10:33  Marauder  
  117  10:38  Widow Mine x2, Marine x2  
  117  10:41  Orbital Command  
  103  10:46  Marine x4  
  103  10:48  Marine  
  88  10:51  Marine  
  88  10:54  Marine  
  88  10:55  Marine  
  77  11:00  Marine  
  75  11:05  Marine x2  
  75  11:09  Marine  
  78  11:13  Barracks Tech Lab  
  78  11:17  Medivac  
  80  11:21  Barracks Tech Lab x2  
  80  11:26  Marine x2  
  80  11:28  Marine x2  
  80  11:29  Marine  
  80  11:32  SCV x2  
  87  11:37  Planetary Fortress  
  87  11:42  Marauder  
  87  11:43  Marauder  
  93  11:47  Marauder  
  93  11:53  Widow Mine x2, Marine x2  
  93  11:54  Marine  
  96  11:55  Marine  
  96  11:57  Marine  
  96  12:00  Medivac  
  100  12:02  Medivac  
  104  12:08  Marauder x2  
  104  12:10  Marine  
  104  12:13  Marauder  
  104  12:14  Marine  
  108  12:16  Marine  
  108  12:21  Marine x3  
  112  12:23  Marine  
  112  12:27  Marauder  
  115  12:32  Marine  
  115  12:33  Marine  
  115  12:34  Marine x2  
Show
View Real Time Build Order
Export as new Build Order

RagnaroK Zerg - Winner!

Build Orders: Pool First 

Get SALT Encoding   

  12  0:00  Drone  
  13  0:12  Overlord  
  13  0:16  Drone  
  14  0:30  Drone x2  
  16  0:40  Spawning Pool  
  15  0:44  Drone  
  15  0:48  Drone  
  17  1:10  Hatchery  
  16  1:13  Drone  
  16  1:15  Drone  
  18  1:19  Extractor  
  17  1:27  Queen  
  17  1:30  Zergling x2  
  20  1:34  Drone  
  20  1:39  Overlord  
  21  1:50  Drone  
  22  2:02  Drone  
  22  2:03  Queen  
  25  2:10  Drone  
  26  2:23  Drone x2  
  30  2:32  Drone  
  29  2:37  Drone x2, Hatchery  
  29  2:39  Drone  
  31  2:45  Queen  
  33  2:51  Overlord  
  33  2:54  Drone  
  34  2:59  Drone x2  
  34  3:02  Metabolic Boost  
  36  3:08  Overlord  
  36  3:11  Drone x2  
  38  3:13  Drone  
  38  3:17  Queen  
  38  3:19  Drone  
  42  3:21  Drone  
  42  3:24  Drone  
  44  3:28  Drone x2  
  44  3:31  Queen  
  48  3:35  Zergling x2  
  48  3:38  Zergling x2  
  50  3:44  Drone  
  50  3:45  Drone, Overlord  
  50  3:47  Overlord  
  52  3:50  Queen  
  52  3:52  Drone  
  52  3:55  Drone  
  56  3:56  Drone  
  56  3:57  Drone  
  56  4:00  Overlord  
  58  4:04  Queen  
  58  4:07  Drone  
  58  4:08  Drone  
  62  4:10  Drone  
  62  4:12  Drone x2  
  67  4:20  Drone x2  
  67  4:21  Roach Warren  
  67  4:23  Extractor x2  
  64  4:26  Spore Crawler  
  64  4:27  Zergling x6  
  64  4:30  Drone  
  67  4:31  Spore Crawler  
  67  4:33  Zergling x4  
  67  4:34  Drone  
  69  4:39  Overlord  
  69  4:40  Spore Crawler  
  69  4:41  Overlord  
  68  4:46  Overlord  
  68  4:50  Overlord  
  68  5:02  Roach x7  
  68  5:04  Roach x2  
  86  5:10  Overlord  
  85  5:18  Zergling x12  
  91  5:23  Zergling x8  
  95  5:32  Ravager x3  
  95  5:33  Ravager  
  95  5:34  Zergling x2  
  95  5:35  Hatchery  
  99  5:39  Zergling x8  
  103  5:43  Drone  
  103  5:44  Drone x2  
  103  5:45  Drone  
  103  5:47  Drone  
  103  5:48  Drone  
  109  5:53  Drone, Overlord  
  109  5:54  Drone  
  109  5:56  Drone x2  
  113  6:01  Overlord  
  111  6:04  Overlord  
  111  6:05  Drone  
  111  6:08  Drone  
  111  6:09  Drone  
  111  6:10  Lair, Drone  
  114  6:12  Drone  
  114  6:13  Drone  
  116  6:19  Drone x2, Evolution Chamber x2  
  116  6:21  Drone  
  116  6:22  Drone  
  118  6:27  Drone  
  118  6:30  Drone  
  120  6:37  Drone x2  
  120  6:38  Baneling Nest  
  121  6:40  Extractor  
  121  6:41  Drone, Extractor  
  121  6:46  Roach x6  
  136  6:50  Zerg Ground Armor Level 1, Zerg Missile Weapons Level 1  
  136  6:51  Spore Crawler, Drone x3  
  134  6:57  Drone x3  
  137  7:05  Drone x3  
  137  7:07  Overlord  
  140  7:10  Glial Reconstitution, Overlord  
  140  7:12  Overlord  
  140  7:14  Overlord  
  140  7:15  Overlord  
  140  7:16  Overlord  
  140  7:19  Overlord x3  
  139  7:23  Centrifugal Hooks  
  139  7:25  Overlord  
  139  7:28  Overlord  
  138  7:31  Roach x4  
  146  7:38  Roach x5  
  152  7:45  Roach x3  
  152  7:48  Roach  
  151  7:51  Roach x4  
  151  7:54  Roach x2  
  151  7:55  Roach  
  146  7:59  Zergling x10, Roach  
  146  8:03  Roach  
  139  8:07  Roach x4  
  139  8:10  Roach  
  143  8:13  Drone  
  143  8:15  Zergling x2  
  143  8:16  Zergling x2  
  143  8:19  Extractor  
  145  8:20  Zergling x6  
  145  8:23  Zergling x4  
  145  8:25  Ravager  
  145  8:26  Ravager  
  152  8:27  Extractor  
  152  8:28  Zergling x2, Roach  
  154  8:35  Ravager  
  154  8:36  Zergling x14  
  154  8:37  Overlord  
  154  8:40  Zergling x2, Roach  
  165  8:44  Zergling x4, Ravager  
  168  8:48  Roach  
  168  8:49  Roach x2  
  168  8:50  Zergling x2  
  168  8:59  Zergling x8  
  168  9:00  Ravager x2  
  166  9:04  Roach x4  
  166  9:08  Zergling x14  
  168  9:12  Roach  
  168  9:13  Roach  
  168  9:14  Roach  
  168  9:17  Roach x3  
  163  9:21  Roach  
  163  9:22  Roach  
  163  9:23  Roach  
  154  9:27  Roach  
  154  9:30  Roach  
  149  9:31  Roach  
  149  9:33  Roach  
  149  9:34  Roach x5  
  149  9:37  Roach x5  
  165  9:44  Roach  
  148  9:46  Roach x4  
  148  9:47  Roach  
  148  9:50  Roach  
  148  9:52  Overseer  
  153  9:54  Roach  
  153  9:57  Roach x2  
  159  10:02  Zergling x14  
  159  10:03  Ravager x2  
  159  10:04  Ravager  
  159  10:05  Zergling x8  
  173  10:10  Zergling x2  
  173  10:12  Zergling x4  
  176  10:15  Roach x3  
  176  10:16  Zergling x2  
  183  10:21  Zergling x2  
  183  10:23  Roach  
  183  10:26  Roach  
  183  10:28  Roach  
  190  10:29  Roach  
  190  10:30  Roach x2  
  190  10:31  Roach x3  
  197  10:36  Roach  
  197  10:37  Zergling x4, Overseer  
  197  10:38  Zergling x6  
  197  10:41  Zergling x4  
  184  10:44  Roach x3  
  161  10:50  Roach x3  
  161  10:54  Roach  
  153  10:58  Roach x2  
  153  11:01  Drone  
  153  11:02  Drone x3  
  153  11:03  Zerg Melee Weapons Level 1  
  140  11:05  Drone x5  
  140  11:09  Zergling x4  
  147  11:12  Ravager x4  
  147  11:13  Zergling x6  
  147  11:14  Zergling x2  
  155  11:22  Hatchery  
  154  11:27  Zergling x14  
  154  11:28  Zergling x2  
  154  11:29  Zergling x2  
  154  11:31  Pneumatized Carapace  
  154  11:32  Overseer  
  160  11:35  Baneling x6  
  160  11:38  Baneling x5  
  160  11:43  Infestation Pit  
  159  11:53  Zergling x26, Overseer  
  172  12:00  Baneling x13  
  172  12:08  Baneling x6  
  172  12:10  Zergling x12  
  178  12:19  Zergling x18  
  187  12:29  Zergling x8  
  191  12:32  Zergling x2  
  191  12:35  Baneling x6  
Tags
 
Add a new tag
Caveats
  • Supply blocks, unpowered buildings, or Contaminate may cause inaccurate times.
  • Supply counts are checked every 10 seconds.